 Dungeon Crawl Stone Soup version 0.29.1-1-gd02db6906a (webtiles) character file.

Game seed: 2377746900353536364

99 mopl the Poker (level 4, 0/36 HPs)
             Began as a Palentonga Gladiator on Oct 21, 2022.
             Was a Follower of Dithmenos.
             Killed by divine providence
             ... invoked by an orc priest
              (16 damage)
             ... on level 3 of the Dungeon.
             The game lasted 00:02:14 (1660 turns).

mopl the Poker (Palentonga Gladiator)               Turns: 1660, Time: 00:02:15

Health: 0/36       AC:  5    Str: 22    XL:     4   Next: 45%
Magic:  4/4        EV: 10    Int: 14    God:    Dithmenos [*.....]
Gold:   57         SH:  0    Dex: 11    Spells: 3/3 levels left

rFire   . . .      SeeInvis +   a - +0 trident
rCold   . . .      Faith    .   (no shield)
rNeg    . . .      Spirit   .   b - +0 leather armour
rPois   .          Reflect  .   c - +0 helmet
rElec   .          Harm     .   (no cloak)
rCorr   .          Rampage  .   (no gloves)
Will    .....                   (no barding)
Stlth   +.........              r - amulet of regeneration
HPRegen 0.92/turn               g - +6 ring of intelligence
MPRegen 0.09/turn               (no ring)

@: wreathed by umbra
A: large, rugged brown scales 3, see invisible, deformed body, roll 1, armoured
tail
a: Rolling Charge, Renounce Religion


You were on level 3 of the Dungeon.
You worshipped Dithmenos.
Dithmenos was aware of your devotion.
You visited 1 branch of the dungeon, and saw 3 of its levels.

You collected 117 gold pieces.
You spent 60 gold pieces at shops.

Inventory:

Hand Weapons
 a - a +0 trident (weapon)
Missiles
 d - 5 throwing nets
 e - a javelin
 f - 6 poisoned darts (quivered)
Armour
 b - a +0 leather armour (worn)
 c - a +0 helmet (worn)
Jewellery
 g - a +6 ring of intelligence (left hand)
 j - an amulet of guardian spirit
 r - an amulet of regeneration (around neck)
Scrolls
 h - 5 scrolls of poison {unknown}
 l - 3 scrolls of vulnerability
 m - a scroll of amnesia
 q - a scroll of teleportation {unknown}
Potions
 i - a potion of magic {unknown}
 k - a potion of berserk rage
 n - a potion of curing {unknown}
 o - a potion of degeneration {unknown}
 p - a potion of attraction {unknown}


   Skills:
 + Level 2.6 Fighting
 * Level 3.5 Polearms
 + Level 1.8 Throwing
 + Level 1.1 Armour
 + Level 2.8 Dodging


You had 3 spell levels left.
You didn't know any spells.
Your spell library was empty.

Dungeon Overview and Level Annotations

Branches:
Dungeon (3/15)

Altars:
Dithmenos

Shops:
D:2 ?


Innate Abilities, Weirdness & Mutations

You are completely covered in rugged brown scales. (AC +3, +7% HP)
You have supernaturally acute eyesight. (SInv)
Armour fits poorly on your strangely shaped body.
You can roll at nearby foes to attack.
You have a long armoured tail.


Message History

The orc wizard hits you but does no damage.
You miss the orc wizard.
The orc wizard is moderately wounded.
The orc priest closely misses you.
The orc wizard hits you but does no damage.
You barely miss the orc wizard.
The orc wizard is moderately wounded.
The orc priest casts a cantrip, but nothing happens.
The orc wizard hits you with a +0 dagger.
You closely miss the orc wizard.
The orc wizard is moderately wounded.
The orc priest hits you from afar with a +0 trident!
The orc wizard hits you with a +0 dagger.
You are too injured to fight recklessly!
You are too injured to fight recklessly!
You are too injured to fight recklessly!
You are too injured to fight recklessly!
You are too injured to fight recklessly!
You are too injured to fight recklessly!
You are too injured to fight recklessly!
You are too injured to fight recklessly!
You are too injured to fight recklessly!
You are too injured to fight recklessly!
You are too injured to fight recklessly!
You are too injured to fight recklessly!
You are too injured to fight recklessly!
You are too injured to fight recklessly!
You are too injured to fight recklessly!
You are too injured to fight recklessly!
You are too injured to fight recklessly!
You are too injured to fight recklessly!
You are too injured to fight recklessly!
You are too injured to fight recklessly!
You are too injured to fight recklessly!
The orc wizard attacks as you move away!
The orc wizard hits you but does no damage.
There is a stone staircase leading up here.
The orc priest calls down the wrath of Beogh upon you.
Beogh smites you!
You die...

#...# #...# ...
.o. #o#######
#.......#
#........ #
####..####..
#####.#@oo........
........##o....#..
##.##.####..####
#. #.... . #.####
## #.# #.# ...


You could see an orc priest, an orc wizard (invisible) and an orc.

Vanquished Creatures
  An orc priest (D:3)
  Terence (D:2)
  A gnoll (D:1)
  2 adders (D:2)
  2 dart slugs (D:1)
  An orc (D:3)
  3 bats (D:1)
  A hobgoblin (D:1)
  A quokka (D:1)
  A ball python (D:2)
  A goblin (D:1)
  A kobold (D:2)
  4 rats
20 creatures vanquished.

Vanquished Creatures (others)
  A withered plant (D:1)
1 creature vanquished.

Grand Total: 21 creatures vanquished

Notes
Turn   | Place    | Note
-------+----------+-------------------------------------------
     0 | D:1      | mopl the Palentonga Gladiator began the quest for the Orb.
     0 | D:1      | Reached XP level 1. HP: 17/17 MP: 1/1
   191 | D:1      | Reached XP level 2. HP: 23/23 MP: 2/2
   211 | D:1      | Found a faded altar of an unknown god.
   223 | D:1      | Prayed at the altar of an unknown god.
   223 | D:1      | Became a worshipper of Dithmenos the Shadowed
   223 | D:1      | Reached * piety under Dithmenos
   327 | D:1      | Reached skill level 3 in Polearms
   924 | D:2      | Reached XP level 3. HP: 28/28 MP: 3/3
   947 | D:2      | Found Xuij's Magic Scroll Shoppe.
   952 | D:2      | Bought a scroll of amnesia for 40 gold pieces
   952 | D:2      | Bought a scroll of identify for 20 gold pieces
  1014 | D:2      | Noticed Terence
  1026 | D:2      | Killed Terence
  1029 | D:2      | Reached skill level 1 in Armour
  1331 | D:2      | Reached XP level 4. HP: 33/34 MP: 4/4
  1660 | D:3      | Killed from afar by an orc priest

Illustrated notes

Levels and vault maps discovered:
D:1:      giann_wishing_wells, layout_loops_ring,
          ebering_ecumenical_altar_petrified
D:2:      layout_rooms, serial_corexii_hall, corexii_hall_statues_t,
          chequers_hall_statues_corner_a, serial_shops, shop,
          amcnicky_mini_pool_small, grunt_decor_fettered, minmay_crystal_room,
          uniq_terence
D:3:      layout_loops_cross, minmay_liquid_box

Skill      XL: |  1  2  3 |
---------------+----------+-----
Polearms       | 3 |  3.5
Armour         | 1 |  1.1
Fighting       | |  2.6
Throwing       | |  1.8
Dodging        | |  2.8

Action                   |  1- 3 |  4- 6 || total
-------------------------+-------+-------++-------
Melee: Trident           |    58 |    25 ||    83
       Tailslap          |     6 |     3 ||     9
       Punch             |     2 |       ||     2
  Use: Scroll            |     2 |       ||     2
Armor: Leather armour    |    11 |     9 ||    20
Dodge: Dodged            |    25 |    10 ||    35
